 Dungeon Crawl Stone Soup version 0.28.0-53-g5a82cb258f (webtiles) character file.

Game seed: 14677776591696730264

35 Jerry the Skirmisher (level 3, 0/33 HPs)
             Began as a Ghoul Fighter on July 8, 2022.
             Slain by a goblin
             ... wielding a +0 club
             ... led by Robin
              (5 damage)
             ... on level 2 of the Dungeon.
             The game lasted 00:03:51 (1120 turns).

Jerry the Skirmisher (Ghoul Fighter)                Turns: 1120, Time: 00:04:21

Health: 0/33       AC:  7    Str: 19    XL:     3   Next: 33%
Magic:  2/2        EV:  9    Int:  5    God:
Gold:   15         SH:  4    Dex:  8    Spells: 2/2 levels left

rFire   . . .      SeeInvis .     - Unarmed
rCold   + . .      Faith    .   b - +0 buckler
rNeg    + + +      Spirit   .   a - +0 scale mail
rPois   ∞          Reflect  .   (no helmet)
rElec   .          Harm     .   (no cloak)
rCorr   .          Rampage  .   f - +0 pair of gloves
Will    .....                   (no boots)
Stlth   ..........              (no amulet)
HPRegen 0.00/turn               (no ring)
MPRegen 0.08/turn               (no ring)

@: inhibited regen
A: claws 1, cold resistance 1, negative energy resistance 3, inhibited
regeneration, torment resistance 2
a: no special abilities


You were on level 2 of the Dungeon.
You visited 1 branch of the dungeon, and saw 2 of its levels.

You collected 15 gold pieces.

Inventory:

Armour
 a - a +0 scale mail (worn)
 b - a +0 buckler (worn)
 f - a +0 pair of gloves (worn)
Scrolls
 d - 2 scrolls of noise {unknown}
 e - a scroll of silence {unknown}
 g - a scroll of teleportation {unknown}
 h - a scroll of vulnerability {unknown}
 i - a scroll of identify {unknown}
Potions
 c - a potion of might
 j - a potion of heal wounds {unknown}


   Skills:
 + Level 3.7 Fighting
 + Level 3.0 Armour
 + Level 3.0 Shields
 + Level 2.7 Unarmed Combat


You had 2 spell levels left.
You didn't know any spells.
Your spell library was empty.

Dungeon Overview and Level Annotations

Branches:
Dungeon (2/15)

Altars:

Shops:
D:1 *

Annotations:
D:2 Robin


Innate Abilities, Weirdness & Mutations

You thrive by killing the living.
You are immune to poison.
You have sharp fingernails.
Your flesh is cold resistant. (rC+)
You are immune to negative energy. (rN+++)
You do not regenerate when monsters are visible.
You are immune to unholy pain and torment.


Message History

The goblin unwields a +0 hunting sling.
The goblin wields a +0 club.
The goblin hits you with a +0 club. You block the hobgoblin's attack.
Robin throws the goblin at you!
You hit the hobgoblin.
The hobgoblin is heavily wounded.
The hobgoblin hits you. x2; The goblin barely misses you.
You are too injured to fight recklessly!
You are too injured to fight recklessly!
You are too injured to fight recklessly!
You are too injured to fight recklessly!
You are too injured to fight recklessly!
You closely miss the goblin. The hobgoblin closely misses you.
The goblin hits you but does no damage. You block the hobgoblin's attack.
The goblin hits you with a +0 club. The goblin barely misses you.
You closely miss the goblin. The hobgoblin closely misses you.
You block the goblin's attack.
The hobgoblin hits you but does no damage.
The goblin hits you but does no damage. The goblin barely misses you.
You closely miss the goblin. The hobgoblin hits you.
The goblin hits you but does no damage.
The hobgoblin hits you but does no damage.
You block the goblin's attack. x2
You barely miss the goblin. The goblin hits you but does no damage.
The hobgoblin hits you but does no damage.
The hobgoblin hits you. The goblin hits you with a +0 club. x2
* * * LOW HITPOINT WARNING * * *
You closely miss the goblin. Robin hits you but does no damage.
You block the goblin's attack.
The hobgoblin hits you but does no damage.
The hobgoblin hits you.
* * * LOW HITPOINT WARNING * * *
The goblin hits you but does no damage. You block the goblin's attack.
You hit the goblin.
You kill the goblin!
You feel better. Robin throws the goblin at you!
* * * LOW HITPOINT WARNING * * *
The hobgoblin hits you.
* * * LOW HITPOINT WARNING * * *
The goblin hits you with a +0 club.
You die...

.....# .....
#...# #
#...#
#.#g..#
#.#ggg#
#.gggg####
#@gg...#
###g#....#
#...+ ..?#
#.#.# ..#
#.#.# .#
#.#.( #
#.##########
#.#........#
#.).....<..#


You could see Robin, 4 hobgoblins and 6 goblins.

Vanquished Creatures
  A dart slug (D:1)
  An orc (D:2)
  2 endoplasms (D:1)
  2 giant cockroaches (D:1)
  6 hobgoblins
  2 jackals (D:1)
  A kobold (D:1)
  A quokka (D:1)
  A ball python (D:1)
  4 bats (D:1)
  A frilled lizard (D:1)
  4 goblins
  3 rats (D:1)
29 creatures vanquished.

Notes
Turn   | Place    | Note
-------+----------+-------------------------------------------
     0 | D:1      | Jerry the Ghoul Fighter began the quest for the Orb.
     0 | D:1      | Reached XP level 1. HP: 19/19 MP: 0/0
    78 | D:1      | Found Ublam's Assorted Antiques.
   252 | D:1      | Reached XP level 2. HP: 18/26 MP: 1/1
   677 | D:1      | Reached XP level 3. HP: 31/31 MP: 2/2
  1108 | D:2      | Noticed Robin
  1120 | D:2      | Slain by a goblin

Illustrated notes

Levels and vault maps discovered:
D:1:      ncdulo_lavacross, layout_loops_ring, serial_shops, shop, st_stairs_8
D:2:      wad_lake_hut, layout_basic, basic_altar, uniq_terence, uniq_robin

Skill      XL: |  1  2 |
---------------+-------+-----
Shields        | 3 |  3.0
Armour         | 3 |  3.0
Fighting       | |  3.7
Unarmed Combat | |  2.7

Action                   || total
-------------------------++-------
Melee: Unarmed           ||   135
Armor: Scale mail        ||    63
Dodge: Dodged            ||    67
Block: Buckler           ||    33
